 Dungeon Crawl Stone Soup version 0.29.1-1-gd02db69 (webtiles) character file.

Game seed: 16105806249110152875

10535 Timinator the Martial Artist (level 11, -7/133 HPs)
             Began as a Demigod Transmuter on Dec 19, 2022.
             Mangled by a two-headed ogre
             ... wielding a +0 giant club
              (24 damage)
             ... on level 11 of the Dungeon.
             The game lasted 00:45:14 (13176 turns).

Timinator the Martial Artist (Demigod Transmuter)  Turns: 13176, Time: 00:45:16

Health: -7/133     AC: 25    Str: 21    XL:     11   Next: 15%
Magic:  23/23      EV:  2    Int: 15    God:
Gold:   527        SH:  5    Dex: 28    Spells: 14/21 levels left

rFire   . . .      SeeInvis .     - Unarmed
rCold   . . .      Faith    .   (no shield)
rNeg    . . .      Spirit   .   (body armour currently unavailable)
rPois   +          Reflect  +   (helmet currently unavailable)
rElec   .          Harm     .   (cloak currently unavailable)
rCorr   .          Rampage  .   (gloves currently unavailable)
Will    +....      NoTele   +   (boots currently unavailable)
Stlth   ++........              h - amulet of reflection
HPRegen 0.32/turn               n - +6 ring of strength
MPRegen 0.18/turn               e - +6 ring of dexterity

@: tree-form, wereblooded
A: stationary, stasis, torment immunity, boosted hp, high MP 1, forlorn, divine
attributes
a: no special abilities


You were on level 11 of the Dungeon.
You were a tree.
You visited 1 branch of the dungeon, and saw 11 of its levels.

You collected 647 gold pieces.
You spent 120 gold pieces at shops.

Inventory:

Missiles
 L - 13 poisoned darts
Armour
 b - a +3 leather armour of cold resistance
 i - +0 swamp dragon scales (melded)
 l - a +1 pair of gloves (melded)
 C - a +0 cloak of preservation (melded)
 G - a +0 helmet (melded)
 I - the +2 pair of boots of Gozag's Supremacy (melded) {rElec Int+2}
   (You found it on level 9 of the Dungeon)

   Int:       It affects your intelligence (+2).
   rElec:     It insulates you from electricity.
 K - a +4 ring mail
Jewellery
 e - a +6 ring of dexterity (right branch)
 h - an amulet of reflection (around neck)
 n - a +6 ring of strength (left branch)
 t - an amulet of regeneration
 F - a ring of protection from fire
Wands
 s - a wand of iceblast (13)
 u - a wand of mindburst (24)
 y - a wand of flame (21)
 H - a wand of paralysis (7)
Scrolls
 a - 3 scrolls of enchant weapon
 d - 2 scrolls of teleportation
 g - 2 scrolls of silence
 j - a scroll of summoning
 k - 9 scrolls of noise
 m - a scroll of blinking
 q - 3 scrolls of fear
 r - a scroll of magic mapping
 D - 2 scrolls of poison
Potions
 c - 3 potions of cancellation
 f - 5 potions of brilliance
 o - a potion of mutation
 p - a potion of flight {unknown}
 v - 4 potions of haste
 x - a potion of ambrosia
 z - 4 potions of curing
 A - 2 potions of attraction
 B - a potion of lignification


   Skills:
 + Level 5.6 Fighting
 - Level 4.0 Armour
 * Level 7.1 Dodging
 + Level 9.5 Unarmed Combat
 + Level 5.7 Spellcasting
 * Level 8.0 Transmutations


You had 14 spell levels left.
You knew the following spells:

 Your Spells              Type           Power      Damage    Failure   Level
a - Wereblood             Tmut           28%        N/A       1%          2
b - Ice Form              Ice/Tmut       16%        N/A       28%         4
c - Beastly Appendage     Tmut           56%        N/A       1%          1

Your spell library contained the following spells:

 Spells                   Type           Power      Damage    Failure   Level
 Passwall                 Tmut/Erth      13%        N/A       4%          2
 Spider Form              Tmut/Pois      16%        N/A       9%          3
 Sandblast                Erth           8%         2d5       16%         1
 Sublimation of Blood     Necr           4%         N/A       22%         2
 Petrify                  Tmut/Erth      16%        N/A       28%         4
 Inner Flame              Hex/Fire       4%         N/A       41%         3
 Stone Arrow              Conj/Erth      8%         3d7       41%         3
 Alistair's Intoxication  Tmut/Pois      10%        N/A       63%         5
 Irradiate                Conj/Tmut      8%         3d14      63%         5
 Animate Dead             Necr           4%         N/A       83%         4
 Cause Fear               Hex            2%         N/A       83%         4
 Summon Ice Beast         Ice/Summ       4%         N/A       83%         4
 Borgnjor's Vile Clutch   Necr/Erth      2%         N/A       99%         5
 Summon Mana Viper        Hex/Summ       4%         N/A       99%         5
 Eringya's Noxious Bog    Tmut/Pois      8%         N/A       99%         6
 Haunt                    Necr/Summ      2%         N/A       100%        7
 Monstrous Menagerie      Summ           2%         N/A       100%        7
 Discord                  Hex            2%         N/A       100%        8
 Infestation              Necr           2%         N/A       100%        8


Dungeon Overview and Level Annotations

Branches:
Dungeon (11/15)            Temple (0/1) D:6
   Lair: D:8-11         Orc: D:9-12

Shops:
D:9 *


Innate Abilities, Weirdness & Mutations

You are a tree.
Your roots penetrate the ground, keeping you stationary.
You cannot be teleported.
You are immune to unholy pain and torment.
Your maximum health is greatly increased.
Your equipment is partially melded.
You have an increased reservoir of magic. (+10% MP)
You shall have no god before yourself.
Your divine heritage dramatically boosts your attributes as you level up.


Message History

The vampire mosquito bites you.
The vampire mosquito draws strength from your injuries!
The vampire mosquito bites you but does no damage. x2
The vampire mosquito bites you.
The vampire mosquito draws strength from your injuries!
You pummel the vampire mosquito!!
You feel a bit better.
You destroy the vampire mosquito!
The vampire mosquito bites you but does no damage. x2
You block the vampire mosquito's attack.
You smack the vampire mosquito!
The vampire mosquito is moderately damaged.
The vampire mosquito bites you but does no damage. x3
You pummel the vampire mosquito!!
You feel a bit better.
You destroy the vampire mosquito!
You block the vampire mosquito's attack.
The vampire mosquito bites you but does no damage.
Your Transmutations skill increases to level 8!
You smack the two-headed ogre!
The two-headed ogre is lightly wounded.
The two-headed ogre hits you with a +0 giant club!
The two-headed ogre hits you with a +0 giant spiked club!!
The vampire mosquito bites you but does no damage.
You smack the two-headed ogre!
The two-headed ogre is heavily wounded.
The vampire mosquito bites you but does no damage.
The vampire mosquito completely misses you.
You hit the two-headed ogre.
The two-headed ogre is heavily wounded.
The vampire mosquito bites you but does no damage.
The two-headed ogre barely misses you.
The two-headed ogre hits you with a +0 giant spiked club!!
* * * LOW HITPOINT WARNING * * *
You hit the two-headed ogre. You punch the two-headed ogre.
The two-headed ogre is severely wounded.
You block the vampire mosquito's attack.
The vampire mosquito bites you but does no damage.
The two-headed ogre hits you with a +0 giant club!
* * * LOW HITPOINT WARNING * * *
The two-headed ogre hits you with a +0 giant spiked club!!
You die...

#.........#
#'#########
###.##
#....#
#....#
#....#
#....#
#.Oy##
###♣##
#.†.(#
#....#
#....#
######


You could see a two-headed ogre and a vampire mosquito.

Vanquished Creatures
  A two-headed ogre (D:10)
  The ghost of Urrug the Cleaver, a novice PaFi of Zin (D:8)
  A cyclops (D:10)
  A moth of wrath (D:8)
  A manticore (D:11)
  Joseph (D:10)
  Maggie (D:7)
  Psyche (D:10)
  A kobold demonologist (D:10)
  A troll (D:10)
  2 wyverns
  Eustachio (D:5)
  4 yaks (D:9)
  3 wraiths
  6 vampire mosquitoes
  2 steam dragons
  2 swamp worms (D:9)
  2 water moccasins (D:6)
  3 black bears
  Pargi (D:3)
  2 orc warriors
  4 ice beasts
  A centaur (D:9)
  2 ogres
  2 phantoms
  The ghost of robotsrng the Sneak, an amateur KoBr (D:3)
  6 kobold brigands
  3 bullfrogs
  2 necrophages
  2 gnoll sergeants (D:9)
  A scorpion (D:7)
  10 wights
  5 killer bees (D:8)
  3 howler monkeys (D:7)
  3 quasits (D:3)
  A gnoll bouda (D:4)
  A hound (D:6)
  3 jellies
  4 orc priests
  5 orc wizards
  A boggart simulacrum (D:10)
  25 gnolls
  12 adders
  2 shadow imps
  2 ufetubi
  A dart slug (D:1)
  21 orcs
  4 ball pythons
  6 bats
  9 endoplasms
  4 giant cockroaches
  6 goblins
  6 hobgoblins
  8 jackals
  4 quokkas
  3 frilled lizards
  33 kobolds
  3 rats
247 creatures vanquished.

Vanquished Creatures (others)
  4 plants (D:9)
4 creatures vanquished.

Grand Total: 251 creatures vanquished

Notes
Turn   | Place    | Note
-------+----------+-------------------------------------------
     0 | D:1      | Timinator the Demigod Transmuter began the quest for the
                  | Orb.
     0 | D:1      | Reached XP level 1. HP: 15/15 MP: 5/5
    74 | D:1      | Reached skill level 1 in Fighting
   564 | D:1      | Reached XP level 2. HP: 18/23 MP: 5/7
   833 | D:1      | Reached skill level 3 in Unarmed Combat
  1625 | D:2      | Reached XP level 3. HP: 28/28 MP: 6/8
  1748 | D:2      | Learned a level 2 spell: Wereblood
  2141 | D:2      | Reached skill level 1 in Armour
  2372 | D:3      | Reached XP level 4. HP: 33/35 MP: 6/10
  2380 | D:3      | Found a transporter.
  3217 | D:3      | Reached XP level 5. HP: 31/41 MP: 8/11
  3286 | D:3      | Noticed Pargi
  3301 | D:3      | Killed Pargi
  3484 | D:3      | Found a transporter.
  3488 | D:3      | Noticed robotsrng's ghost (amateur KoBr)
  3913 | D:3      | Killed robotsrng's ghost
  3914 | D:3      | Reached XP level 6. HP: 48/48 MP: 9/13
  4315 | D:4      | Reached skill level 4 in Unarmed Combat
  4535 | D:4      | Reached XP level 7. HP: 44/56 MP: 14/14
  4928 | D:5      | Entered Level 5 of the Dungeon
  5043 | D:5      | Noticed Eustachio
  5057 | D:5      | Killed Eustachio
  5522 | D:5      | Reached XP level 8. HP: 61/63 MP: 14/16
  5794 | D:6      | Reached skill level 5 in Unarmed Combat
  5795 | D:6      | Found a staircase to the Ecumenical Temple.
  6323 | D:6      | Reached skill level 5 in Transmutations
  6490 | D:6      | Learned a level 4 spell: Ice Form
  6784 | D:7      | Reached XP level 9. HP: 38/71 MP: 17/19
  7038 | D:7      | Reached skill level 6 in Unarmed Combat
  7604 | D:7      | Noticed Maggie
  7626 | D:7      | Killed Maggie
  8350 | D:8      | Reached skill level 5 in Dodging
  8622 | D:8      | You fall into a shaft and drop 1 floor!
  8692 | D:9      | Identified the +2 pair of boots of Gozag's Supremacy {rElec
                  | Int+2}
  8970 | D:8      | Reached skill level 5 in Fighting
  8970 | D:8      | Reached skill level 5 in Spellcasting
  9225 | D:8      | Noticed Urrug's ghost (novice PaFi)
  9231 | D:8      | Noticed a moth of wrath
  9239 | D:8      | Found a transporter.
  9263 | D:8      | Found a transporter.
  9408 | D:8      | Killed a moth of wrath
  9409 | D:8      | Reached skill level 7 in Unarmed Combat
  9431 | D:8      | Killed Urrug's ghost
  9432 | D:8      | Reached XP level 10. HP: 26/81 MP: 21/21
 10180 | D:9      | Found Sekhim's Assorted Antiques.
 10192 | D:9      | Bought a scroll of identify for 40 gold pieces
 10192 | D:9      | Bought a potion of lignification for 60 gold pieces
 10192 | D:9      | Bought a scroll labelled MOPSYI OSTREGUL for 20 gold pieces
 10513 | D:9      | Reached skill level 8 in Unarmed Combat
 11434 | D:10     | Entered Level 10 of the Dungeon
 11474 | D:10     | Noticed a two-headed ogre
 11490 | D:10     | Killed a two-headed ogre
 11714 | D:10     | Noticed Joseph
 11733 | D:10     | Killed Joseph
 11971 | D:10     | Noticed a cyclops
 11984 | D:10     | Killed a cyclops
 11985 | D:10     | Reached skill level 9 in Unarmed Combat
 12659 | D:10     | Reached XP level 11. HP: 88/88 MP: 21/23
 12702 | D:10     | Noticed Psyche
 12729 | D:10     | Killed Psyche
 12942 | D:11     | Noticed a minotaur
 13165 | D:11     | Noticed a two-headed ogre
 13176 | D:11     | Mangled by a two-headed ogre

Illustrated notes

Levels and vault maps discovered:
D:1:      dpeg_arrival_solitude, layout_basic, hangedman_abyss_or_decor_stabs
D:2:      minmay_thinvault, layout_loops_ring, shapermc_ecumenical_altar_pompeii
D:3:      layout_basic, gammafunk_ghost_stat_death, minivault_19, uniq_pargi
D:4:      layout_basic
D:5:      layout_basic, uniq_eustachio
D:6:      layout_basic, minmay_temple_entry_sparse_star
D:7:      layout_basic, kennysheep_generic_room_13, uniq_maggie
D:8:      layout_loops_ring, minmay_overflow_temple_star_quad,
          gammafunk_ghost_berserking_beasts, st_stairs_3
D:9:      layout_rooms, nicolae_qazlal_style_of_elements, serial_shops,
          nicolae_shop_stone, worms_lemuel
D:10:     layout_loops_ring, uniq_joseph, uniq_psyche
D:11:     layout_gridville, dpeg_lair_monsters, maelrawn_ghost_gauntlet_escape,
          kennysheep_windowed_goal, uniq_urug

Skill      XL: |  1  2  3  4  5  6  7  8  9 10 11 |
---------------+----------------------------------+-----
Fighting       | 1 2 3 4 5 |  5.6
Transmutations | 2 3 4 5 6 7 8 |  8.0
Unarmed Combat | 3 4 5 7 9 |  9.5
Spellcasting   | 2 3 4 5 |  5.7
Dodging        | 2 3 4 5 6 7 |  7.1
Armour         | 1 2 3 4 |  4.0

Action                   |  1- 3 |  4- 6 |  7- 9 | 10-12 || total
-------------------------+-------+-------+-------+-------++-------
Melee: Unarmed           |   111 |   127 |   364 |   360 ||   962
       Kick              |    15 |    34 |    92 |       ||   141
       Headbutt          |    14 |    15 |    49 |       ||    78
       Punch             |     1 |     3 |    19 |    25 ||    48
 Cast: Beastly Appendage |    24 |    17 |    36 |       ||    77
       Wereblood         |     1 |     8 |    21 |    27 ||    57
  Use: Potion            |       |     2 |     3 |     3 ||     8
       Scroll            |       |     6 |     5 |    10 ||    21
 Stab: Sleeping          |     1 |       |     1 |       ||     2
Armor: Leather armour    |    27 |     4 |     8 |       ||    39
       Ring mail         |       |    44 |    19 |       ||    63
       Skin              |       |       |    32 |    24 ||    56
       Swamp dragon scal |       |       |    27 |    89 ||   116
Dodge: Dodged            |    58 |    86 |   152 |   250 ||   546
Block: Other             |    18 |    44 |    70 |    73 ||   205
       Reflection        |       |     1 |     2 |     4 ||     7
